[Event "22nd Alekhine FIDE 2018"]
[Site "Voronezh"]
[Date "2018.06.17"]
[Round "6"]
[White "Provkin, Vladimir"]
[Black "Zisin, Oleg"]
[Result "1-0"]
[ECO "A45"]
[WhiteElo "2182"]
[BlackElo "2012"]
[Annotator "NA"]
[PlyCount "68"]
[EventDate "2018.??.??"]
[EventType "swiss"]
[EventCountry "RUS"]
[SourceTitle "playchess.com"]
[Source "ChessBase"]
[SourceQuality "1"]
[TimeControl "5400+30"]

1. d4 Nf6 2. Bg5 Ne4 3. Bf4 c5 4. f3 Qa5+ 5. c3 Nf6 6. d5 Qb6 7. Bc1 e6 8. e4 exd5 9. exd5 Be7 {[%emt 0:17:30] LiveBook: 22 Games A45: Trompowsky Attack} 10. Bc4 $146 ({Predecessor:} 10. c4 d6 11. Bd3 Nbd7 12. f4 O-O 13. Nc3 Re8 14. Nge2 Nf8 15. Qc2 Bg4 16. O-O Bxe2 17. Bxe2 {0-1 (55) Mchedlishvili,M (2600)-Melkumyan,H (2664) Batumi 2018}) 10... d6 11. Ne2 Bf5 12. Nd2 Nbd7 13. a4 Ne5 14. a5 Qc7 15. O-O O-O 16. Ng3 Bd3 17. Bxd3 Nxd3 18. Nc4 Nxc1 19. Rxc1 Rfe8 20. Qd3 g6 21. Ne4 Nd7 22. f4 f5 23. Nf2 Nf8 (23... b5 $11 24. axb6 Nxb6) 24. g4 Qd7 25. h3 Bh4 26. Rc2 Re7 27. Nd1 fxg4 28. hxg4 Qxg4+ 29. Rg2 Qd7 30. Nde3 Kh8 31. f5 Rf7 32. Qe4 Bf6 ({Black should try} 32... g5 $14) 33. Qf4 Re7 34. fxg6 $18 Be5 1-0

[Event "22nd Alekhine FIDE 2018"]
[Site "Voronezh"]
[Date "2018.06.17"]
[Round "6"]
[White "Novikov, Sergey D"]
[Black "Lilov, Aleksandr"]
[Result "1-0"]
[WhiteElo "2180"]
[BlackElo "2046"]
[Annotator "NA"]
[PlyCount "71"]
[EventDate "2018.??.??"]
[EventType "swiss"]
[EventCountry "RUS"]
[SourceTitle "playchess.com"]
[Source "ChessBase"]
[SourceQuality "1"]
[TimeControl "5400+30"]

1. d4 c5 2. d5 g6 3. c4 Bg7 4. e4 d6 5. Nf3 Bg4 {LiveBook: 26 Games} 6. Be2 Nf6 7. Nc3 O-O 8. O-O Nbd7 9. h3 Bxf3 10. Bxf3 Nb6 {E91: King's Indian: Classical: 6 Be2, unusual replies including 6...c5 and 6...Bg4} (10... a6 11. Be2 Qc7 12. Bf4 Rfe8 13. Qc2 e6 14. dxe6 Rxe6 15. Rfe1 Rae8 16. Bd3 Ne5 17. Rad1 Nc6 18. Qd2 {½-½ (43) Vitiugov,N (2731)-Shomoev,A (2550) Sochi 2017}) 11. Be2 e6 12. Qc2 $146 ({Predecessor:} 12. dxe6 fxe6 13. Bg5 h6 14. Be3 Qe7 15. Qc2 Nfd7 16. Rad1 Ne5 17. b3 Nc6 18. Nb5 {1-0 (57) Boss,I (1931)-Beier,T (1768) Borkum 2004}) 12... exd5 13. cxd5 Nfd7 14. Bf4 Qe7 15. Rfe1 Rae8 16. Qd2 Ne5 17. Bg5 Bf6 18. Bh6 (18. Bxf6 $14 Qxf6 19. Rad1) 18... Bg7 19. Bg5 Bf6 20. Bh6 Bg7 21. Bxg7 Kxg7 22. a4 a6 23. a5 Na8 24. f4 Nd7 25. Bg4 f6 26. Re2 Nc7 27. Rae1 b5 28. axb6 Nxb6 29. Qd3 Qf7 30. Qg3 Nb5 31. Nxb5 axb5 32. Be6 Qe7 33. e5 Nc4 34. b3 Nb6 35. Bg4 fxe5 $16 36. fxe5 1-0

[Event "22nd Alekhine FIDE 2018"]
[Site "Voronezh"]
[Date "2018.06.17"]
[Round "6"]
[White "Lukovnikov, Alexander"]
[Black "Lebedev, Mikhail S"]
[Result "1/2-1/2"]
[ECO "B23"]
[WhiteElo "2153"]
[BlackElo "2103"]
[Annotator "NA"]
[PlyCount "87"]
[EventDate "2018.??.??"]
[EventType "swiss"]
[EventCountry "RUS"]
[SourceTitle "playchess.com"]
[Source "ChessBase"]
[SourceQuality "1"]
[TimeControl "5400+30"]

1. e4 c5 2. Nc3 Nc6 3. f4 e6 4. Nf3 d5 5. Bb5 Nge7 6. d3 a6 7. Bxc6+ Nxc6 8. O-O {[%emt 0:00:13] LiveBook: 21 Games} Be7 {[%emt 0:02:37] B23: Sizilianisch (Geschlossenes System)} 9. Ne5 (9. Kh1 b5 10. Qe1 b4 11. Na4 O-O 12. Be3 Qa5 13. b3 Qb5 14. c4 bxc3 15. Nxc3 Qb7 16. exd5 exd5 17. Nxd5 {1-0 (76) Shabalov,A (2544)-Pichot,A (2552) chess.com INT 2018}) 9... Nd4 10. Ne2 Nxe2+ $146 ({Vorgänger:} 10... dxe4 11. dxe4 f6 12. Nd3 O-O 13. Be3 Nc6 14. a4 b6 15. Qe1 Bb7 16. Rd1 {½-½ (30) Wilkes,G (1824)-Starp,K (2114) GER email 2007}) 11. Qxe2 O-O 12. Kh1 f6 13. Nf3 Re8 14. Bd2 Bd7 15. Rae1 Bf8 16. Qf2 dxe4 17. Rxe4 Bc6 18. Re2 Qd5 19. b3 b5 20. Be3 a5 21. Rd2 a4 22. c4 Qf5 23. h3 axb3 24. axb3 Ra3 25. cxb5 Bxb5 26. Rc1 Rxb3 27. Nh4 Qd5 28. Bxc5 Rxd3 29. Rxd3 Qxd3 30. Bxf8 Rxf8 31. Rc7 Qf1+ 32. Qxf1 Bxf1 33. Nf3 Re8 34. Kg1 Bd3 35. Kf2 Be4 36. Nd4 e5 37. Nb5 Bd3 38. Nd6 Rd8 39. fxe5 fxe5 40. Nb7 Rf8+ 41. Kg3 Bg6 42. Nc5 Re8 43. Kf3 $11 h6 44. Ke3 1/2-1/2

[Event "22nd Alekhine FIDE 2018"]
[Site "Voronezh"]
[Date "2018.06.17"]
[Round "6"]
[White "Kolomensky, Vladimir"]
[Black "Nesterov, Andrey"]
[Result "1-0"]
[ECO "B70"]
[WhiteElo "2120"]
[BlackElo "2010"]
[Annotator "NA"]
[PlyCount "68"]
[EventDate "2018.??.??"]
[EventType "swiss"]
[EventCountry "RUS"]
[SourceTitle "playchess.com"]
[Source "ChessBase"]
[SourceQuality "1"]
[TimeControl "5400+30"]

1. e4 c5 2. Nf3 d6 3. d4 cxd4 4. Nxd4 Nf6 5. Nc3 g6 6. Be2 Bg7 7. O-O O-O 8. Bg5 Nc6 9. Nb3 Be6 10. Re1 Re8 {[%emt 0:07:54] B70: Sicilian Dragon: 6 g3 and 6 Be2 (without a later Be3)} 11. Bf1 {[%emt 0:02:34] LiveBook: 6 Games} Rc8 12. Nd5 Nxd5 $146 (12... Ne5 $11) ({Predecessor:} 12... Nd7 13. c3 a6 14. f4 f6 15. Bh4 Bf7 16. Bf2 e6 17. Ne3 Qc7 18. Qf3 {1-0 (59) Rublevsky,S (2692)-Dordzhieva,D (2230) Khanty-Mansiysk 2015}) 13. exd5 Bxd5 (13... h6 $16) 14. Qxd5 Nb4 15. Qxb7 Nxc2 16. Rxe7 Rb8 17. Qxa7 Ra8 18. Qb7 Rb8 19. Qe4 Nxa1 20. Rxe8+ Qxe8 21. Qxe8+ Rxe8 22. Nxa1 Bxb2 23. Nc2 d5 24. Bb5 Rc8 25. Nb4 Ba3 26. Nc6 Kg7 27. Kf1 f6 28. Be3 Kf7 29. Ke2 Ke6 30. Kd3 Kd6 31. Na7 $18 Ra8 32. Ba4 Ke6 33. Bc6 Rb8 34. Nb5 Bb2 1-0

[Event "22nd Alekhine FIDE 2018"]
[Site "Voronezh"]
[Date "2018.06.17"]
[Round "6"]
[White "Khajrutdinov, Ildar"]
[Black "Tikhonov, Viacheslav"]
[Result "0-1"]
[ECO "A04"]
[WhiteElo "2106"]
[BlackElo "1993"]
[Annotator "ChessBase"]
[PlyCount "78"]
[EventDate "2018.??.??"]
[EventType "swiss"]
[EventCountry "RUS"]
[SourceTitle "playchess.com"]
[Source "ChessBase"]
[SourceQuality "1"]
[TimeControl "5400+30"]

1. Nf3 c5 2. g3 Nc6 3. Bg2 g6 4. O-O Bg7 5. c4 e5 6. Nc3 Nge7 7. Ne1 O-O 8. Nc2 Nd4 9. Ne3 d6 10. Ned5 Rb8 11. e3 Ne6 12. a3 a6 13. b4 cxb4 14. axb4 b5 15. Nxe7+ Qxe7 16. cxb5 axb5 17. Ra5 Nc7 18. Ra7 Qd8 19. Bb2 d5 20. Qa1 Rb7 21. Rc1 Qd6 22. Rxb7 Bxb7 23. Qa7 Bc6 24. Ne2 Ra8 25. Qb6 Ra6 26. Qb8+ Ne8 27. Qc8 Bd7 28. Qc5 Ra2 29. Bc3 Qxc5 30. bxc5 Bc6 31. Ra1 Rxa1+ 32. Bxa1 b4 33. d4 Bb5 34. Bf1 Bxe2 35. Bxe2 exd4 36. exd4 Nc7 37. Bf3 Kf8 38. Kf1 Ke7 39. Ke2 Ke6 0-1

[Event "22nd Alekhine FIDE 2018"]
[Site "Voronezh"]
[Date "2018.06.17"]
[Round "6"]
[White "Yakimenko, Alexander A"]
[Black "Napalkov, Vladimir"]
[Result "1-0"]
[WhiteElo "2094"]
[BlackElo "2005"]
[Annotator "NA"]
[PlyCount "29"]
[EventDate "2018.??.??"]
[EventType "swiss"]
[EventCountry "RUS"]
[SourceTitle "playchess.com"]
[Source "ChessBase"]
[SourceQuality "1"]
[TimeControl "5400+30"]

1. e4 c6 2. d3 d5 3. Nd2 Nf6 4. e5 Nfd7 5. Ngf3 e6 6. Be2 c5 7. c3 Nc6 8. d4 cxd4 9. cxd4 Qb6 10. Nb3 a5 {LiveBook: 3 Partien} 11. a4 Bb4+ 12. Kf1 $1 O-O 13. g3 f6 14. exf6 Nxf6 15. Kg2 $11 1-0

[Event "22nd Alekhine FIDE 2018"]
[Site "Voronezh"]
[Date "2018.06.17"]
[Round "6"]
[White "Bobkov, Vadim"]
[Black "Artemov, Nikita"]
[Result "0-1"]
[ECO "A56"]
[WhiteElo "2058"]
[BlackElo "1970"]
[Annotator "NA"]
[PlyCount "77"]
[EventDate "2018.??.??"]
[EventType "swiss"]
[EventCountry "RUS"]
[SourceTitle "playchess.com"]
[Source "ChessBase"]
[SourceQuality "1"]
[TimeControl "5400+30"]

1. d4 Nf6 2. c4 c5 3. d5 g6 4. Nc3 Bg7 5. e4 O-O 6. Be2 d6 7. Bg5 Qa5 8. Bd2 e6 9. Nf3 exd5 10. exd5 Bg4 11. O-O {[%emt 0:00:21] E74: Königsindisch (Awerbach-Angriff)} a6 12. h3 Bxf3 13. Bxf3 Nbd7 {[%emt 0:02:10] LiveBook: 5 Games} 14. Qc2 {[%emt 0:01:23] [#]} Ne5 $146 ({Vorgänger:} 14... Qc7 15. Rae1 Rfe8 16. Be2 Re7 17. f4 Rae8 18. Bf3 Rxe1 19. Rxe1 {½-½ (27) Lelenko,A (2466)-Telepnev,I (2505) ICCF email 2013}) 15. Be2 Ne8 16. a4 Qd8 17. f4 Nd7 18. Rfe1 f5 19. Bf3 Qh4 20. Kh2 Ne5 (20... Nc7 $16 {keeps fighting.}) 21. fxe5 Bxe5+ 22. Kg1 Nf6 23. Ne2 Ng4 24. Bc3 ({And not} 24. hxg4 fxg4 25. Ra3 Rae8 $11) (24. Qc1 $18) 24... Rae8 25. Bxe5 Rxe5 26. Qc3 Re3 27. g3 Qh6 28. Nf4 $2 (28. hxg4 $11 Rxc3 29. Nxc3) 28... Rxc3 29. bxc3 Ne5 30. Bg2 g5 31. Ne6 Rf7 32. Nxc5 f4 33. Rxe5 dxe5 34. Ne4 f3 $19 35. Bf1 g4 36. hxg4 Qe3+ 37. Nf2 e4 38. Rd1 Qc5 39. d6 0-1

[Event "22nd Alekhine FIDE 2018"]
[Site "Voronezh"]
[Date "2018.06.17"]
[Round "6"]
[White "Selensky, Andrey"]
[Black "Gutsulyak, Nikolay"]
[Result "1/2-1/2"]
[ECO "A40"]
[WhiteElo "2040"]
[BlackElo "1953"]
[Annotator "NA"]
[PlyCount "99"]
[EventDate "2018.??.??"]
[EventType "swiss"]
[EventCountry "RUS"]
[SourceTitle "playchess.com"]
[Source "ChessBase"]
[SourceQuality "1"]
[TimeControl "5400+30"]

1. d4 e6 2. Nf3 f5 3. Bf4 Nf6 4. h3 b6 5. Nbd2 {[%emt 0:01:11] A80: Dutch Defence: Unusual White second moves} (5. e3 Bb7 6. Be2 Nc6 7. O-O g6 8. c4 Bg7 9. Nc3 Ne7 10. Nb5 d6 11. c5 Ne4 12. cxd6 cxd6 {1-0 (32) Grachev,B (2640)-Morozevich,A (2788) Moscow 2008}) 5... Bb7 6. e3 {[%emt 0:00:05] LiveBook: 16 Partien} Be7 7. Bc4 Ne4 $146 ({Predecessor:} 7... c5 8. Qe2 O-O 9. c3 Ne4 10. O-O-O {½-½ (10) Broemel,R (2172)-Luther,J (2165) Germany 2014}) 8. Qe2 Bf6 9. Rg1 d5 10. Bb5+ c6 11. Bd3 Nd7 12. g4 c5 13. gxf5 exf5 14. Ne5 Bxe5 (14... O-O $11 {keeps the balance.}) 15. dxe5 Qe7 16. Bb5 (16. Qh5+ $16 Qf7 17. Be2 Qxh5 18. Bxh5+ g6 19. Nxe4 fxe4 20. Bg4) 16... O-O 17. Nxe4 fxe4 18. Qh5 a6 (18... Rf7 $11 {keeps the balance.}) 19. Bxd7 Qxd7 20. e6 Qxe6 21. O-O-O Rf7 22. Rg5 $1 Rd8 (22... Bc6 $11) 23. Rdg1 d4 {[%emt 0:01:08] [#]} 24. Be5 (24. Rxg7+ $1 $14 Rxg7 25. Rxg7+ Kxg7 26. Qg5+ Kf7 27. Qxd8) 24... Rdd7 25. Bf4 Rd5 (25... d3 $17 26. Re5 d2+ 27. Kd1 Qf6 28. Re8+ Rf8) 26. Rxd5 Qxd5 27. Be5 Bc6 28. Qg5 g6 29. exd4 cxd4 30. h4 Rxf2 31. h5 {[%emt 0:03:43] [#]} Qc4 (31... Qc5 $1 $17 32. Qd8+ Kf7 33. hxg6+ hxg6 34. Qc7+ Ke8) 32. Qd8+ Rf8 33. Qxd4 Rf1+ 34. Rxf1 Qxf1+ 35. Qd1 {[%emt 0:01:21] [#]} Qxd1+ $1 36. Kxd1 gxh5 37. Bg3 Kf7 38. Ke2 Kg6 39. Ke3 Kg5 40. Bf4+ Kg4 41. Bc7 b5 42. Kf2 h4 43. a3 h5 44. b3 h3 45. Bh2 Bd5 46. Ke3 h4 47. b4 Bc6 48. Kf2 Bb7 $17 49. Ke3 Bd5 50. Kf2 1/2-1/2

[Event "22nd Alekhine FIDE 2018"]
[Site "Voronezh"]
[Date "2018.06.17"]
[Round "6"]
[White "Kitaev, Roman"]
[Black "Pingin, Artem"]
[Result "1/2-1/2"]
[ECO "A06"]
[WhiteElo "2031"]
[BlackElo "1967"]
[Annotator "NA"]
[PlyCount "106"]
[EventDate "2018.??.??"]
[EventType "swiss"]
[EventCountry "RUS"]
[SourceTitle "playchess.com"]
[Source "ChessBase"]
[SourceQuality "1"]
[TimeControl "5400+30"]

1. Nf3 d5 2. b3 Bf5 3. Bb2 e6 4. g3 Nf6 5. Bg2 Be7 6. O-O h6 7. d3 O-O 8. c4 c6 9. a3 a5 10. Nbd2 Bh7 11. Qb1 {[%emt 0:00:18] A12: English Opening: 1...c6 with b3 by White} Nbd7 (11... Na6 12. Bc3 c5 13. cxd5 exd5 14. e4 b5 15. Re1 Qb6 16. a4 Nc7 17. axb5 Qxb5 18. Ra4 Ne6 {1-0 (67) Karjakin,S (2763)-Grischuk,A (2767) Moscow 2018}) 12. Bc3 b5 13. cxb5 cxb5 14. b4 axb4 15. axb4 Nb6 $146 ({Predecessor:} 15... Rxa1 16. Qxa1 Qb6 17. Nb3 Rc8 {0-1 (39) Krnic,Z (2430)-Samovojska,D (2365) Belgrade 1988}) 16. Nb3 Na4 17. Bd2 Nd7 18. Na5 Bf6 19. Ra2 Nc3 20. Bxc3 $1 Bxc3 21. Rc1 Bf6 22. Rac2 Nb6 23. Nd2 Na4 24. Ndb3 Bg5 25. Re1 Bf6 26. Rec1 Bg5 27. Re1 Bf6 28. Nc5 Qe7 29. Nxa4 bxa4 30. Rec1 a3 31. Nc6 Qb7 32. b5 a2 33. Rxa2 Rxa2 34. Qxa2 Qxb5 35. Qb1 Qa4 36. Qb4 Qxb4 37. Nxb4 Bg6 38. Bf3 Rb8 39. Na6 Ra8 40. Nc5 Rc8 41. Nb3 Rxc1+ 42. Nxc1 Be7 43. e4 dxe4 44. dxe4 f6 45. Ne2 Bf7 46. Nf4 g5 47. Ng2 Bc5 48. h4 Kg7 49. hxg5 hxg5 50. Ne1 f5 51. exf5 exf5 52. g4 fxg4 $11 53. Bxg4 Bd5 1/2-1/2

[Event "22nd Alekhine FIDE 2018"]
[Site "Voronezh"]
[Date "2018.06.17"]
[Round "6"]
[White "Bruyatskaya, Mariya"]
[Black "Kuzmin, Roman"]
[Result "0-1"]
[WhiteElo "2026"]
[BlackElo "1963"]
[Annotator "NA"]
[PlyCount "98"]
[EventDate "2018.??.??"]
[EventType "swiss"]
[EventCountry "RUS"]
[SourceTitle "playchess.com"]
[Source "ChessBase"]
[SourceQuality "1"]
[TimeControl "5400+30"]

1. e4 c5 2. Nf3 e6 3. d4 cxd4 4. Nxd4 a6 5. Nc3 Qc7 6. a3 b5 7. g3 Bb7 8. Bg2 d6 9. O-O Nf6 10. Bg5 {B43: Sizilianisch (Paulsen-Variante)} (10. f4 Nbd7 11. g4 e5 12. Nf5 g6 13. Ne3 exf4 14. Rxf4 Bg7 15. g5 Nh5 16. Ned5 Qc5+ 17. Be3 Qxe3+ 18. Nxe3 Nxf4 19. Qxd6 {1-0 (26) Chigaev,M (2555)-Warakomski,T (2537) Katowice 2017}) 10... Nbd7 {LiveBook: 3 Games} 11. Qe2 Be7 12. Rad1 O-O 13. h4 $146 ({Vorgänger:} 13. f4 Rfe8 14. Kh1 Rac8 15. g4 Nb6 16. f5 Bd8 17. fxe6 fxe6 {0-1 (34) Tvarusko,L (1771)-Fancsy,I (2396) Fejer Region 2016}) 13... h6 14. Bc1 $1 Ne5 15. Bh3 Nc4 16. a4 b4 17. Na2 d5 18. b3 Nb6 19. e5 Ne4 20. Qh5 {[#]} Bc5 $1 21. Be3 (21. Bf4 $17) 21... Rae8 (21... Nd7 $19 22. Bf4 Qb6) 22. Qg4 Qxe5 23. Nf3 (23. Nc1 {was worth a try.}) 23... Qc7 24. Bf4 Qe7 25. Ne5 Nf6 26. Qe2 Nbd7 27. Nd3 (27. Bg2 $142) 27... e5 28. Bd2 a5 29. Nxc5 Qxc5 30. c3 (30. Qb5 {is a better defense.} Qxb5 31. axb5) 30... bxc3 31. Nxc3 d4 32. Nb5 Qc6 33. f3 e4 34. Nxd4 Qb6 35. Qf2 exf3 36. Nb5 Nc5 37. Rfe1 $2 (37. Be3 {is more resistant.} Nfe4 38. Bxc5) 37... Nfe4 38. Rxe4 Rxe4 39. Be3 Qg6 40. Bxc5 Re2 41. h5 Qxh5 42. Bf1 Rxf2 43. Bxf2 f5 44. Rd7 Bc6 45. Rc7 Rf6 46. Nd4 Be4 47. Bc4+ Kh8 $19 48. Rd7 Qh3 49. Bf1 Qg4 0-1

[Event "22nd Alekhine FIDE 2018"]
[Site "Voronezh"]
[Date "2018.06.17"]
[Round "6"]
[White "Lepaev, Andrey"]
[Black "Garafutdinov, Ainur"]
[Result "1-0"]
[ECO "A80"]
[WhiteElo "1992"]
[BlackElo "2122"]
[Annotator "NA"]
[PlyCount "28"]
[EventDate "2018.??.??"]
[EventType "swiss"]
[EventCountry "RUS"]
[SourceTitle "playchess.com"]
[Source "ChessBase"]
[SourceQuality "1"]
[TimeControl "5400+30"]

1. d4 f5 2. Nf3 Nf6 3. g3 g6 4. Bg2 Bg7 5. O-O O-O 6. b3 d6 7. Bb2 c6 {[%emt 0:00:10] LiveBook: 503 Games} 8. c4 Qc7 9. Nc3 e5 10. dxe5 dxe5 11. e4 f4 12. gxf4 exf4 13. e5 Ng4 14. Re1 Nd7 $14 1-0

[Event "22nd Alekhine FIDE 2018"]
[Site "Voronezh"]
[Date "2018.06.17"]
[Round "6"]
[White "Kazmin, Semen"]
[Black "Martyntsev, Roman"]
[Result "1-0"]
[ECO "B34"]
[WhiteElo "1970"]
[BlackElo "2035"]
[Annotator "NA"]
[PlyCount "77"]
[EventDate "2018.??.??"]
[EventType "swiss"]
[EventCountry "RUS"]
[SourceTitle "playchess.com"]
[Source "ChessBase"]
[SourceQuality "1"]
[TimeControl "5400+30"]

1. e4 c5 2. Nf3 Nc6 3. d4 cxd4 4. Nxd4 Nf6 5. Nc3 e5 {LiveBook: 15214 Games} 6. Ndb5 d6 7. Nd5 Nxd5 8. exd5 Ne7 9. c3 Nf5 10. a4 Be7 11. Bd3 O-O 12. O-O g6 13. Kh1 Ng7 14. f4 a6 15. Na3 f5 (15... Bf5 $11) 16. Nc4 exf4 17. Bxf4 g5 18. Be3 f4 19. Bb6 Qd7 (19... Qe8 $16 20. Bc7 Qd7) 20. Bd4 ({Better is} 20. Qc2 $18) 20... Qg4 21. Qe1 Rf7 22. Nb6 Rb8 23. Bxg7 Kxg7 24. Be2 Qh4 25. Qxh4 gxh4 26. Bh5 Rf8 27. Rae1 Bg5 28. Nxc8 Rbxc8 29. Re6 Rcd8 30. h3 Rf5 31. c4 Rff8 32. b3 Rd7 33. Kg1 Rf6 34. Rd1 Rf8 35. Rd4 Rf6 36. Kf2 Rxe6 37. dxe6 Rd8 38. Rd5 h6 $2 {[#]} (38... Bf6 $16 39. Rf5 Rf8) 39. Rxg5+ $18 1-0

[Event "22nd Alekhine FIDE 2018"]
[Site "Voronezh"]
[Date "2018.06.17"]
[Round "6"]
[White "Kulpin, Dmitriy"]
[Black "Kutyanina, Mariya"]
[Result "1-0"]
[ECO "E06"]
[WhiteElo "1954"]
[BlackElo "2021"]
[Annotator "NA"]
[PlyCount "47"]
[EventDate "2018.??.??"]
[EventType "swiss"]
[EventCountry "RUS"]
[SourceTitle "playchess.com"]
[Source "ChessBase"]
[SourceQuality "1"]
[TimeControl "5400+30"]

1. d4 Nf6 2. Nf3 e6 3. g3 d5 4. c4 Be7 5. Bg2 O-O 6. O-O b6 7. Nc3 Bb7 {[%emt 0:00:09] LiveBook: 651 Partien} 8. Ne5 Nbd7 9. cxd5 Nxd5 10. Nxd5 exd5 11. Bf4 Nxe5 {[%emt 0:03:32] E18: Damenindisch (Hauptfortsetzung)} 12. Bxe5 Re8 (12... Qd7 13. Rc1 c5 14. dxc5 bxc5 15. b4 Qe6 16. Ba1 c4 17. b5 Rfd8 18. Bd4 Bf6 19. e3 Bxd4 20. Qxd4 {½-½ (29) Williams,C (2492)-Siigur,J (2469) ICCF email 2012}) 13. Rc1 c5 $146 ({Vorgänger:} 13... Bd6 14. Bxd6 Qxd6 15. Qc2 Re7 16. Rfe1 Rae8 17. Qa4 Rxe2 18. Qxe8+ {1-0 (18) Katafiasz,T (1876)-Grzesik,N (1924) Wroclaw 2013}) 14. Re1 Bg5 15. e3 c4 {[%emt 0:03:22] [#]} 16. f4 $2 ({Better is} 16. Rxc4 $1 $16 dxc4 17. Bxb7) 16... Be7 17. f5 Bb4 18. Rf1 f6 19. Bf4 Ba6 $2 (19... Bd6 $15 {behält die Oberhand.}) 20. Rf2 Qd7 21. g4 Bd6 22. Bxd5+ Kh8 23. Bxa8 Bxf4 $18 24. Rxf4 1-0

[Event "22nd Alekhine FIDE 2018"]
[Site "Voronezh"]
[Date "2018.06.17"]
[Round "6"]
[White "Nakonechny, Ignat"]
[Black "Markevich, Arseniy"]
[Result "1-0"]
[ECO "C11"]
[WhiteElo "1890"]
[BlackElo "2076"]
[Annotator "NA RC"]
[PlyCount "49"]
[EventDate "2018.??.??"]
[EventType "swiss"]
[EventCountry "RUS"]
[SourceTitle "playchess.com"]
[Source "ChessBase"]
[SourceQuality "1"]
[TimeControl "5400+30"]

1. e4 e6 2. d4 d5 3. Nc3 Nf6 4. e5 Ng8 5. f4 b6 {C11: French: Classical System: 4 e5 and 4 Bg5 dxe4} (5... c5 6. Nf3 Nc6 7. Be3 Nh6 8. dxc5 Nf5 9. Bf2 Qa5 10. Qd2 Bxc5 11. Bxc5 Qxc5 12. Bd3 Ne3 13. Nd1 {½-½ (57) Havlikova,K (2257)-Ider,B (2510) Heraklion 2018}) 6. Nf3 Bb7 $146 ({Predecessor:} 6... Qd7 7. g3 Ne7 8. h4 h5 9. Bh3 Nbc6 10. g4 hxg4 11. Bxg4 Ng8 12. Ng5 Nh6 13. Be3 {1-0 (58) Armbrust,F (2295)-Engel,B (2227) Hofheim 2015}) 7. Be3 Qd7 8. Bd3 Nc6 9. O-O O-O-O 10. a3 h5 11. b4 Nh6 12. Kh1 Ne7 13. Ne2 Nef5 14. Bg1 h4 15. h3 f6 16. Qd2 Qf7 17. a4 Be7 18. a5 Qh5 19. axb6 axb6 20. Ra7 c6 21. Qc3 Rd7 22. Rfa1 Bd8 23. Ba6 Ne7 24. Ra8+ Kc7 25. Bxb7 1-0

[Event "22nd Alekhine FIDE 2018"]
[Site "Voronezh"]
[Date "2018.06.18"]
[Round "7"]
[White "Abramov, Ilya"]
[Black "Kolyuzhnov, Vladislav"]
[Result "1-0"]
[ECO "A40"]
[WhiteElo "2089"]
[BlackElo "1986"]
[Annotator "NA RC"]
[PlyCount "70"]
[EventDate "2018.??.??"]
[EventType "swiss"]
[EventCountry "RUS"]
[SourceTitle "playchess.com"]
[Source "ChessBase"]
[SourceQuality "1"]
[TimeControl "5400+30"]

1. d4 Nf6 2. c4 e6 3. g3 c5 4. Nf3 b6 5. Bg2 Bb7 6. O-O Be7 7. Nc3 (7. d5 $5) 7... O-O {[%emt 0:00:22] [#]} (7... cxd4 $11 {remains equal.} 8. Qxd4 (8. Nxd4 Bxg2 9. Kxg2 Qc8 $11) 8... Nc6) 8. d5 $1 exd5 9. cxd5 d6 10. e4 {[%emt 0:00:01] LiveBook: 4 Games} Nbd7 {[%emt 0:03:11] E18: Queen's Indian: Old Main Line (4 g3 Bb7 5 Bg2 Be7 6 0-0 0-0 7 Nc3)} (10... Re8 11. e5 dxe5 12. Nxe5 Bf8 13. Bf4 Na6 14. Qa4 Nb4 15. Rad1 Nh5 16. a3 Nxf4 17. gxf4 a5 18. d6 Bxg2 19. Kxg2 Qh4 20. d7 Rxe5 21. fxe5 Qg4+ {½-½ (21) Wells,P (2448)-Rudd,J (2247) Cardiff 2015}) 11. Bf4 a6 12. h3 $146 ({Predecessor:} 12. e5 dxe5 13. Nxe5 Nxe5 14. d6 Bxd6 15. Bxb7 Ra7 16. Bxe5 Bxe5 17. Qxd8 Rxd8 {½-½ (61) Vargas Drechsler,C (1848)-Velez Romero,J (1975) Barcelona 2013}) 12... b5 13. Re1 b4 14. Nb1 Re8 15. Nbd2 Nb6 16. g4 Rc8 17. Bf1 Bf8 18. a3 a5 19. axb4 axb4 20. Ra7 (20. Bb5 $5 ) 20... Re7 21. Bg5 Rec7 22. Qa1 $14 h6 23. Bh4 g5 24. Bg3 Re7 25. Qa5 Bg7 26. Bb5 Ra8 27. Rxa8 Bxa8 28. Nc4 Nfxd5 29. exd5 Bxd5 30. Qxb6 Rxe1+ 31. Nxe1 Qe7 32. Ng2 Qe4 33. Nce3 Bb7 34. Qd8+ Kh7 35. Bd7 Bf8 1-0

[Event "22nd Alekhine FIDE 2018"]
[Site "Voronezh"]
[Date "2018.06.18"]
[Round "7"]
[White "Lilov, Aleksandr"]
[Black "Kitaev, Roman"]
[Result "1-0"]
[ECO "D92"]
[WhiteElo "2046"]
[BlackElo "2031"]
[Annotator "NA RC"]
[PlyCount "54"]
[EventDate "2018.??.??"]
[EventType "swiss"]
[EventCountry "RUS"]
[SourceTitle "playchess.com"]
[Source "ChessBase"]
[SourceQuality "1"]
[TimeControl "5400+30"]

1. d4 Nf6 2. Nf3 g6 3. c4 Bg7 4. Nc3 d5 5. Bf4 c6 6. e3 O-O 7. Bd3 {[%emt 0:01:32] LiveBook: 55 Games} b6 {[%emt 0:00:46] D93: Grünfeldindisch (5.Lf4)} (7... Bg4 8. h3 Bxf3 9. Qxf3 e6 10. O-O Nbd7 11. Rac1 Re8 12. Rfd1 a6 13. e4 dxe4 14. Nxe4 Nxe4 15. Bxe4 Qe7 16. Be3 Rad8 17. Bb1 Nb6 18. b3 Nc8 19. g4 {0-1 (60) Brown,M (2506)-Gabuzyan,H (2571) chess.com INT 2018}) 8. h3 Bb7 9. O-O Nbd7 (9... c5 $11 {bleibt in der Remisbreite.}) 10. Qe2 $146 ({Vorgänger:} 10. b4 dxc4 11. Bxc4 Nd5 12. Nxd5 cxd5 13. Bd3 Rc8 14. Qa4 a6 15. Rac1 b5 16. Rxc8 Qxc8 {1-0 (30) Pokorny,P (2218)-Kalista,K (2008) Rakovnik 2009}) 10... c5 11. Rfd1 Rc8 12. Ne5 cxd4 13. exd4 e6 14. Nb5 Nh5 15. Bh2 dxc4 16. Be4 Bxe4 17. Qxe4 $15 Nhf6 18. Qb7 Nxe5 19. Bxe5 Qd5 20. Qxd5 Nxd5 21. Nxa7 Bxe5 22. dxe5 Rc5 23. a4 Ra8 24. Nb5 Nb4 25. Nd6 Nc6 26. f4 Nb4 27. Ne4 Rc7 1-0